 Dungeon Crawl Stone Soup version 0.20.0-7-g3b7b877 (webtiles) character file.

523754 anfisbena the Ecstatic (level 25, -4/245 HPs)
             Began as a Hill Orc Fighter on May 29, 2017.
             Was a High Priest of Uskayaw.
             Splashed with acid (11 damage)
             ... on level 4 of the Pits of Slime.
             The game lasted 01:15:37 (55388 turns).

anfisbena the Ecstatic (Hill Orc Fighter)          Turns: 55388, Time: 01:15:37

Health: -4/245     AC: 23    Str: 23    XL:     25   Next: 38%
Magic:  0/39       EV: 14    Int: 15    God:    Uskayaw [*****.]
Gold:   4480       SH:  0    Dex: 24    Spells: 24/24 levels left

rFire    + + +     SeeInvis +   e - +10 broad axe "anfisbena's Regret" {elec, rC+ Stlth+}
rCold    + + +     Gourm    .   o - +1 shield of Misanthropy {rF++ rCorr Stlth-}
rNeg     + + +     Faith    .   T - +9 scales of the Dragon King {rPois rF+ rC+ MR+}
rPois    +         Spirit   +   d - +2 helmet of Ket Tofuri {+Blink +Inv rPois Dex-3}
rElec    +         Reflect  +   N - scarf {Spirit}
rCorr    +         Harm     .   b - +2 pair of gloves {Dex+3}
MR       +....                  O - +2 pair of boots "Damnable Contraption" {rF+ Int+5 Slay+5}
Stlth    ..........             U - amulet of Kikubaaqudgha's Pride {Reflect rElec Dex+4 SH+3}
Regen    0.5/turn               I - ring "Ketot" {Wiz rC+ rN+++ MR- Dex+2}
MPRegen  0.3/turn               Y - ring "Amaguulecw" {*Slow rElec Slay+3 SInv Stlth-}

@: confused, corroded
A: clever 1, mutation resistance 1
}: 3/15 runes: serpentine, barnacled, silver
a: Stomp, Line Pass, Grand Finale, Renounce Religion, Evoke Blink, Evoke
Invisibility


You were on level 4 of the Pits of Slime.
You worshipped Uskayaw.
Uskayaw was extremely pleased with you.
You were not hungry.

You visited 9 branches of the dungeon, and saw 44 of its levels.
You visited the Abyss 1 time.
You also visited: Labyrinth, Bailey and Ice Cave.

You collected 5539 gold pieces.
You spent 1059 gold pieces at shops.

Inventory:

Hand Weapons
 c - a +9 broad axe of flaming
 e - the +10 broad axe "anfisbena's Regret" (weapon) {elec, rC+ Stlth+}
   (You acquired it on level 4 of the Shoals)

   Occasionally, upon striking a foe, it will discharge some electrical energy
   and cause terrible harm.
   It protects you from cold.
   It makes you more stealthy.
Armour
 b - a +2 pair of gloves of dexterity (worn)
 d - the +2 helmet of Ket Tofuri (worn) {+Blink +Inv rPois Dex-3}
   (You found it on level 6 of the Dungeon)

   It affects your dexterity (-3).
   It protects you from poison.
   It lets you turn invisible.
   It lets you blink.
 o - the +1 shield of Misanthropy (worn) {rF++ rCorr Stlth-}
   (You bought it in a shop on level 1 of the Snake Pit)

   It greatly protects you from fire.
   It protects you from acid and corrosion.
   It makes you less stealthy.
 N - a scarf of spirit shield (worn)
 O - the +2 pair of boots "Damnable Contraption" (worn) {rF+ Int+5 Slay+5}
   (You found it in an ice cave)

   It affects your intelligence (+5).
   It affects your accuracy and damage with ranged weapons and melee attacks
   (+5).
   It protects you from fire.
 T - the +9 scales of the Dragon King (worn) {rPois rF+ rC+ MR+}
   (You found it in a bailey)

   It protects you from fire.
   It protects you from cold.
   It protects you from poison.
   It affects your resistance to hostile enchantments.
Jewellery
 I - the ring "Ketot" (left hand) {Wiz rC+ rN+++ MR- Dex+2}
   (You took it off an ironbrand convoker on level 5 of the Vaults)

   [ring of wizardry]

   It improves your spell success rate.
   It affects your dexterity (+2).
   It protects you from cold.
   It renders you almost immune to negative energy.
   It affects your resistance to hostile enchantments.
 U - the amulet of Kikubaaqudgha's Pride (around neck) {Reflect rElec Dex+4 SH+3}
   (You bought it in a shop on level 10 of the Dungeon)

   [amulet of reflection]

   It shields you and reflects attacks.
   It affects your dexterity (+4).
   It insulates you from electricity.
   It affects your SH (+3).
 Y - the ring "Amaguulecw" (right hand) {*Slow rElec Slay+3 SInv Stlth-}
   (You found it on level 3 of the Elven Halls)

   [ring of loudness]

   It affects your accuracy and damage with ranged weapons and melee attacks
   (+3).
   It insulates you from electricity.
   It lets you see invisible.
   It may slow you when you take damage.
   It makes you less stealthy.
Wands
 B - a wand of disintegration (19/24)
Scrolls
 i - 20 scrolls of remove curse
 j - 9 scrolls of recharging
 m - 8 scrolls of fog
 n - 4 scrolls of amnesia
 p - 30 scrolls of teleportation
 t - 5 scrolls of blinking
 v - 10 scrolls of identify
 w - a scroll of fear
 y - 8 scrolls of enchant armour
 C - 6 scrolls of holy word
 D - 3 scrolls of brand weapon
 J - 4 scrolls of magic mapping
 K - 6 scrolls of enchant weapon
 W - 4 scrolls of silence
Potions
 a - 4 potions of ambrosia
 g - 3 potions of flight
 h - 3 potions of brilliance
 l - 3 potions of cancellation
 q - a potion of resistance
 r - 23 potions of curing
 s - 2 potions of might
 u - 8 potions of agility
 A - 8 potions of berserk rage
 E - 7 potions of mutation
 F - 2 potions of heal wounds
 P - a potion of invisibility
 V - 9 potions of haste
Comestibles
 f - 33 bread rations
 k - 18 meat rations
 z - 36 fruits
 L - 16 royal jellies


   Skills:
 - Level 24.0 Fighting
 - Level 18.0 Axes
 - Level 20.0 Armour
 - Level 12.0 Dodging
 - Level 10.2 Stealth
 - Level 15.0 Shields
 + Level 25.8 Invocations
 - Level 10.0 Evocations


You had 24 spell levels left.
You didn't know any spells.

Dungeon Overview and Level Annotations

Branches:
Dungeon (15/15)            Temple (1/1) D:5            Lair (6/6) D:9
 Shoals (4/4) Lair:2        Snake (4/4) Lair:4        Slime (4/5) Lair:6
    Orc (2/2) D:9             Elf (3/3) Orc:2        Vaults (5/5) D:13
  Crypt (0/3) Vaults:3     Depths (0/5) D:15

Altars:
Ashenzari
Cheibriados
Dithmenos
Elyvilon
Fedhas
Gozag
Hepliaklqana
Kikubaaqudgha
Makhleb
Nemelex Xobeh
Okawaru
Qazlal
Ru
Sif Muna
Trog
Uskayaw
Vehumet
Xom
Yredelemnul
Zin
The Shining One
Beogh
Jiyva

Shops:
D:10 *[=(*   D:11 *   Orc:2 %?[%   Elf:1 (   Shoals:3 =   Snake:1 [
Snake:2 %![%[

Portals:
Trove: D:11 (give +7 demon whip)


Innate Abilities, Weirdness & Mutations

Your mind is acute. (Int +2)
You are somewhat resistant to further mutation.


Message History

* * * LOW HITPOINT WARNING * * *
The azure jelly hits you.
* * * LOW HITPOINT WARNING * * *
The azure jelly freezes you. You resist.
* * * LOW HITPOINT WARNING * * *
The azure jelly hits you.
* * * LOW HITPOINT WARNING * * *
The azure jelly freezes you. You resist.
* * * LOW HITPOINT WARNING * * *
The azure jelly misses you.
The azure jelly hits you but does no damage.
The slime creature hits you but does no damage.
The azure jelly hits you.
* * * LOW HITPOINT WARNING * * *
The azure jelly freezes you. You resist.
* * * LOW HITPOINT WARNING * * *
The azure jelly hits you but does no damage. x3
You're too confused!
You are splashed with acid!
The walls burn you! You resist.
You die...

#. ..#.#...# ..
........# .##.......##
##..........###
.............##
.............#
#....#......##
##@..#......... #
##.#.............
....#.JJ...<..#.###..
............>....#....
..##..................
#..........<.......
.....................
..#..................
###...................


You could see a slime creature.

Vanquished Creatures
  Mennas (Vaults:4)
  Sojobo (Vaults:4)
  Vashnia (Snake:4)
  A caustic shrike (shapeshifter) (Vaults:5)
  A golden dragon (Vaults:5)
  A bone dragon (Abyss:2)
  Jorgrun (Vaults:2)
  A hellephant (Abyss:2)
  6 tentacled monstrosities
  3 deep elf blademasters (Elf:3)
  3 liches
  Asterion (Snake:4)
  2 tentacled starspawn (Abyss:2)
  10 acid blobs
  2 sphinxes (Vaults:5)
  5 titans
  4 deep elf master archers (Elf:3)
  A kraken (Shoals:3)
  Frances (Elf:1)
  Donald (Shoals:3)
  Roxanne (Shoals:1)
  9 tengu reavers
  Kirke (Lair:6)
  5 shadow dragons (Vaults:5)
  Ilsuiw (Shoals:4)
  A storm dragon (Vaults:2)
  5 frost giants
  8 nagarajas (Snake:4)
  6 azure jellies
  An orc warlord (Orc:2)
  8 fire giants
  8 vault wardens
  2 deep elf sorcerers (Elf:3)
  A curse skull (Vaults:3)
  Louise (Shoals:3)
  7 deep elf elementalists (Elf:3)
  A reaper (IceCv)
  9 ironheart preservers
  13 stone giants
  A war gargoyle (Vaults:5)
  5 very ugly things
  3 entropy weavers
  4 deep elf demonologists
  4 deep elf annihilators
  8 deep elf death magi
  14 ettins
  A blizzard demon (Abyss:2)
  4 merfolk javelineers
  Snorg (D:10)
  A crystal guardian (Vaults:3)
  Josephine (D:14)
  14 merfolk impalers
  The ghost of mopl the Grappler, a journeyman TrHu (Orc:1)
  A jiangshi (Vaults:3)
  3 deep elf high priests
  3 great orbs of eyes
  A minotaur (Lab)
  4 hydras
  9 yaktaur captains
  The ghost of Paps the Blocker, a journeyman GrFi of Gozag (Lair:1)
  2 rakshasas
  Erolcha (D:12)
  16 naga warriors
  2 ice dragons
  25 vault guards
  4 centaur warriors
  9 merfolk aquamancers
  A catoblepas (Lair:6)
  A satyr (Shoals:3)
  6 merfolk avatars
  42 two-headed ogres
  23 dancing weapons
  4 alligator snapping turtles
  18 anacondas
  2 death knights
  The ghost of mopl the Arsonist, a journeyman DEFE of Vehumet (Bailey)
  3 deep troll shamans (Vaults:4)
  11 ogre magi
  13 naga sharpshooters
  A thrashing horror (Abyss:2)
  3 orc high priests
  A tengu warrior (D:15)
  16 shock serpents
  24 deep elf knights
  3 hell knights
  A sun demon (Abyss:2)
  Nergalle (Lair:3)
  4 shadow wraiths
  A soul eater (Vaults:3)
  A fire crab (shapeshifter) (D:15)
  4 wretched stars (Abyss:2)
  6 skeletal warriors
  7 salamander mystics
  A ghost moth zombie (Abyss:2)
  A storm dragon skeleton (Abyss:2)
  5 unseen horrors
  28 sea snakes
  6 deep trolls
  2 sea snakes (shapeshifter) (Vaults:5)
  3 wizards
  A flayed ghost (Vaults:2)
  6 naga ritualists
  An unseen horror (shapeshifter) (Vaults:2)
  A deep troll (shapeshifter) (Vaults:2)
  4 lindwurms (Snake:4)
  19 harpies
  15 deep elf archers
  19 ironbrand convokers
  An orange crystal statue (D:14)
  A shadow dragon zombie (Vaults:4)
  16 orc knights
  A necromancer (Vaults:4)
  A harpy (shapeshifter) (Elf:1)
  3 phantasmal warriors
  3 wolf spiders
  A shining eye (shapeshifter) (Elf:3)
  18 ugly things
  12 mana vipers
  A shining eye (Slime:3)
  69 deep elf magi
  12 orc sorcerers
  11 manticores
  9 fauns
  9 cyclopes
  A fire giant zombie (Vaults:4)
  A cyclops (shapeshifter) (Vaults:5)
  10 salamanders
  6 large abominations (Abyss:2)
  7 guardian serpents
  An eye of devastation (Slime:2)
  2 elephants (Lair:6)
  18 merfolk sirens
  A smoke demon (Abyss:2)
  6 water nymphs
  3 ice statues
  36 naga magi
  13 vault sentinels
  54 black mambas
  Psyche (D:10)
  18 spiny frogs
  An orange demon (Abyss:2)
  5 rime drakes
  A komodo dragon (shapeshifter) (Vaults:2)
  An anaconda simulacrum (Abyss:2)
  5 kobold demonologists
  3 freezing wraiths
  11 komodo dragons
  6 trolls
  11 yaktaurs
  3 ancient zymes (Abyss:2)
  3 jumping spiders (shapeshifter)
  A jumping spider (Vaults:5)
  An efreet (Abyss:2)
  6 ice devils (IceCv)
  3 meliai (D:13)
  A silent spectre (Abyss:2)
  33 merfolk
  A wind drake (shapeshifter) (Vaults:5)
  A queen bee (shapeshifter) (Vaults:2)
  7 wind drakes
  9 polar bears
  9 hornets
  79 slime creatures
  A merfolk (shapeshifter) (Vaults:5)
  5 raiju (Abyss:2)
  A slime creature (shapeshifter) (Vaults:1)
  16 snapping turtles
  13 dream sheep
  4 blink frogs (Lair:6)
  A human simulacrum (Vaults:4)
  17 hippogriffs
  2 vampires
  A fire giant simulacrum (Abyss:2)
  2 air elementals (Elf:3)
  A yak (shapeshifter) (Vaults:2)
  A ynoxinul (Abyss:2)
  7 wraiths
  A tarantella (Vaults:5)
  5 wyverns
  2 fire elementals (Elf:1)
  17 water elementals
  61 yaks
  2 golden eyes (Slime:4)
  2 hungry ghosts
  3 basilisks
  A neqoxec (Abyss:2)
  4 hogs (Lair:6)
  A deep troll zombie (Vaults:4)
  7 wargs
  A soldier ant (D:12)
  37 nagas
  2 acid dragons
  14 porcupines
  20 water moccasins
  An elf zombie (Vaults:4)
  44 orc warriors
  3 black bears
  7 eyes of draining
  2 sky beasts
  7 phantoms
  38 ogres
  4 wolves
  3 necrophages
  13 centaurs
  5 boggarts (Vaults:3)
  9 crocodiles
  5 big kobolds
  31 bullfrogs
  3 earth elementals
  A scorpion (shapeshifter) (Abyss:2)
  A scorpion (D:4)
  4 killer bees (D:11)
  A vampire bat (Lair:4)
  5 wights (D:4)
  5 electric eels
  6 howler monkeys
  6 centaur zombies
  A bullfrog zombie (D:5)
  8 jellies
  3 quasits
  7 hounds
  4 lava snakes (Lab)
  18 crimson imps
  47 orc wizards
  23 orc priests
  3 bullfrog skeletons
  A gnoll shaman (D:4)
  An iron imp (Abyss:2)
  5 centaur skeletons
  6 iguanas
  2 hell rats (Lair:1)
  9 worker ants
  4 small abominations (Abyss:2)
  A hound skeleton (D:4)
  2 worker ant zombies
  16 adders
  21 gnolls
  11 river rats
  5 shadow imps
  10 white imps
  7 ufetubi
  4 oozes
  An adder skeleton (D:9)
  An adder zombie (D:5)
  3 worms
  A dart slug (D:1)
  7 leopard geckos
  90 orcs
  16 bats
  18 giant cockroaches
  19 goblins
  12 hobgoblins
  6 jackals
  17 kobolds
  3 quokkas
  5 ball pythons (Snake:3)
  8 frilled lizards
  A jackal skeleton (D:5)
  A jackal zombie (D:7)
  6 rats
  2 crawling corpses (Elf:3)
  8 fungi
  14 plants
  3 tentacles (Shoals:3)
2052 creatures vanquished.

Vanquished Creatures (others)
  A deep elf master archer (Elf:3)
  An ironheart preserver (Vaults:5)
  A stone giant (Vaults:5)
  2 merfolk javelineers
  A yaktaur captain (Vaults:5)
  A centaur warrior (Vaults:4)
  A two-headed ogre (Vaults:5)
  2 satyrs
  Sonja (Lair:4)
  A mana viper (Snake:4)
  A deep elf mage (Elf:3)
  A vault sentinel (Vaults:5)
  2 yaktaurs
  A human (Lair:6)
  2 centaurs
  4 white imps (IceCv)
  5 ufetubi (IceCv)
  An orc (Orc:2)
  4 fungi
  2 lurking horrors (Abyss:2)
  22 plants
  2 starspawn tentacles (Abyss:2)
  3 tentacles (Shoals:3)
62 creatures vanquished.

Grand Total: 2114 creatures vanquished

Notes
Turn   | Place    | Note
-------+----------+-------------------------------------------
     0 | D:1      | anfisbena the Hill Orc Fighter began the quest for the Orb.
     0 | D:1      | Reached XP level 1. HP: 19/19 MP: 1/1
   208 | D:1      | Reached XP level 2. HP: 25/27 MP: 2/2
   616 | D:1      | Reached XP level 3. HP: 33/33 MP: 3/3
  1245 | D:2      | Found a sacrificial altar of Ru.
  1469 | D:2      | Reached XP level 4. HP: 41/41 MP: 4/4
  1752 | D:2      | Reached skill level 5 in Fighting
  2367 | D:3      | Reached skill level 5 in Axes
  2591 | D:3      | Reached XP level 5. HP: 41/48 MP: 5/5
  3252 | D:3      | Found a blossoming altar of Fedhas.
  3642 | D:4      | Reached XP level 6. HP: 57/57 MP: 6/6
  3788 | D:4      | Noticed a phantom
  3817 | D:4      | Reached XP level 7. HP: 63/64 MP: 7/7
  4492 | D:5      | Entered Level 5 of the Dungeon
  4513 | D:5      | Reached XP level 8. HP: 36/74 MP: 8/8
  4799 | D:5      | Found a staircase to the Ecumenical Temple.
  4832 | Temple   | Entered the Ecumenical Temple
  5018 | Temple   | Became a worshipper of Uskayaw the Reveler
  5076 | D:5      | Reached * piety under Uskayaw
  5078 | D:5      | Reached skill level 1 in Invocations
  5081 | D:5      | Reached ** piety under Uskayaw
  5093 | D:5      | Reached *** piety under Uskayaw
  5102 | D:5      | Reached **** piety under Uskayaw
  5105 | D:5      | Reached skill level 2 in Invocations
  5398 | D:6      | Reached skill level 10 in Axes
  5398 | D:6      | Reached skill level 3 in Invocations
  5407 | D:6      | Reached ***** piety under Uskayaw
  5411 | D:6      | Reached skill level 4 in Invocations
  5412 | D:6      | Reached ****** piety under Uskayaw
  5425 | D:6      | Reached skill level 5 in Invocations
  5425 | D:6      | Reached XP level 9. HP: 48/82 MP: 12/12
  5680 | D:6      | Got a brightly glowing scale mail
  5898 | D:6      | Got a faintly glowing helmet
  5904 | D:6      | Identified the +2 helmet of Ket Tofuri {+Blink +Inv rPois Dex-3} (You found it on level 6 of the Dungeon)
  5914 | D:6      | Identified the +3 scale mail of Gitz {rF+} (You found it on level 6 of the Dungeon)
  6087 | D:6      | Found a glowing silver altar of Zin.
  6088 | D:6      | Found a radiant altar of Vehumet.
  6222 | D:6      | Reached skill level 6 in Invocations
  6627 | D:7      | Reached skill level 7 in Invocations
  6854 | D:7      | Reached skill level 8 in Invocations
  7219 | D:8      | Noticed a two-headed ogre
  7232 | D:8      | Killed a two-headed ogre
  7232 | D:8      | Reached skill level 10 in Fighting
  7232 | D:8      | Reached XP level 10. HP: 48/93 MP: 16/16
  7601 | D:8      | Found a hide-covered altar of Uskayaw.
  7654 | D:8      | Found a transporter.
  7660 | D:8      | Found a transporter.
  7666 | D:8      | Noticed a cyclops
  7679 | D:8      | Killed a cyclops
  8125 | D:8      | Got a brightly glowing lead amulet
  8145 | D:8      | Got a polished broad axe
  8157 | D:8      | Identified the +7 broad axe of Action {chop, +Rage Dex+4 SInv} (You found it on level 8 of the Dungeon)
  8162 | D:8      | Identified the amulet "Bastuxy" {Inacc rF+} (You found it on level 8 of the Dungeon)
  8349 | D:9      | Found a staircase to the Lair.
  8359 | D:9      | Reached skill level 1 in Evocations
  8416 | D:9      | Noticed a two-headed ogre
  8421 | D:9      | Killed a two-headed ogre
  8554 | D:9      | Found a staircase to the Orcish Mines.
  8805 | D:9      | Found a flagged portal.
  8815 | Bailey   | Entered a bailey
  8842 | Bailey   | Reached XP level 11. HP: 102/102 MP: 17/17
  8858 | Bailey   | Found an iron altar of Okawaru.
  8858 | Bailey   | Noticed an orc sorcerer
  8866 | Bailey   | Killed an orc sorcerer
  8883 | Bailey   | Noticed mopl's ghost (journeyman DEFE)
  8892 | Bailey   | Killed mopl's ghost
  8892 | Bailey   | Reached skill level 5 in Evocations
  9325 | Bailey   | Noticed an orc knight
  9334 | Bailey   | Killed an orc knight
  9657 | Bailey   | Noticed an orc knight
  9664 | Bailey   | Killed an orc knight
 10332 | D:9      | Noticed a two-headed ogre
 10340 | D:9      | Killed a two-headed ogre
 10340 | D:9      | Reached skill level 15 in Axes
 10427 | D:10     | Entered Level 10 of the Dungeon
 10427 | D:10     | Found Esishresu's Assorted Antiques.
 10429 | D:10     | Found Ystead's Jewellery Shoppe.
 10429 | D:10     | Found Alotazxie's Armour Shoppe.
 10466 | D:10     | Found Liech's Antique Weapon Shoppe.
 10467 | D:10     | Noticed Snorg
 10479 | D:10     | Killed Snorg
 10509 | D:10     | Bought a glittering lead amulet for 145 gold pieces
 10510 | D:10     | Identified the amulet of Kikubaaqudgha's Pride {Reflect rElec Dex+4 SH+3} (You bought it in a shop on level 10 of the Dungeon)
 10749 | D:10     | Noticed Psyche
 10758 | D:10     | Killed Psyche
 11049 | D:10     | Found Aloin's General Store.
 11103 | D:10     | Reached XP level 12. HP: 112/112 MP: 18/18
 11424 | D:11     | Found Atuzuz's Assorted Antiques.
 11561 | D:11     | Found a portal to a secret trove of treasure.
 12300 | Lair:1   | Entered Level 1 of the Lair of Beasts
 12309 | Lair:1   | Reached skill level 10 in Evocations
 12355 | Lair:1   | Noticed a five-headed hydra
 12369 | Lair:1   | Killed a ten-headed hydra
 12741 | Lair:1   | Noticed Paps's ghost (journeyman GrFi)
 12765 | Lair:1   | Killed Paps's ghost
 12956 | Lair:1   | Got a smoking broad axe
 13049 | Lair:1   | Identified the +0 broad axe "Jellyslayer" {vamp, rN+ MR+ Int+3 Dex+3} (You acquired it on level 1 of the Lair of Beasts)
 13968 | Lair:2   | Reached skill level 9 in Invocations
 13983 | Lair:2   | Reached XP level 13. HP: 107/118 MP: 20/20
 14159 | Lair:2   | Reached skill level 5 in Armour
 14159 | Lair:2   | Reached skill level 5 in Shields
 14315 | Lair:2   | Found a staircase to the Shoals.
 14999 | Lair:3   | Found a labyrinth entrance.
 15014 | Lair:3   | Reached skill level 10 in Invocations
 15018 | Lab      | Entered a labyrinth
 15156 | Lab      | Noticed a minotaur
 15161 | Lab      | Killed a minotaur
 15577 | Lair:3   | Noticed Nergalle
 15584 | Lair:3   | Killed Nergalle
 16369 | Lair:4   | Found a frozen archway.
 16370 | Lair:4   | Noticed an ice dragon
 16386 | Lair:4   | Killed an ice dragon
 16397 | IceCv    | Entered an ice cave
 16807 | IceCv    | Got a pair of shimmering boots
 16862 | IceCv    | Noticed a reaper
 16956 | IceCv    | Killed a reaper
 17211 | IceCv    | Identified the +2 pair of boots "Damnable Contraption" {rF+ Int+5 Slay+5} (You found it in an ice cave)
 17579 | Lair:4   | Reached XP level 14. HP: 126/126 MP: 21/21
 18140 | Lair:4   | Found a staircase to the Snake Pit.
 18141 | Lair:4   | Noticed Sonja
 18153 | Lair:4   | Killed Sonja
 19174 | Lair:6   | Entered Level 6 of the Lair of Beasts
 19294 | Lair:6   | Reached skill level 10 in Armour
 19296 | Lair:6   | Noticed Kirke
 19299 | Lair:6   | Reached skill level 10 in Shields
 19321 | Lair:6   | Killed Kirke
 19722 | Lair:6   | Found a runed door.
 19723 | Lair:6   | Found a viscous altar of Jiyva.
 19724 | Lair:6   | Found a staircase to the Slime Pits.
 20363 | Snake:1  | Entered Level 1 of the Snake Pit
 20398 | Snake:1  | Reached XP level 15. HP: 66/132 MP: 22/22
 21202 | Snake:1  | Found Anakhuas's Armour Shop.
 21210 | Snake:1  | Bought the +1 shield of Misanthropy {rF++ rCorr Stlth-} for 496 gold pieces
 21646 | Snake:2  | Found Nucasoyk's Antique Armour Emporium.
 21647 | Snake:2  | Found Plog's Food Emporium.
 21647 | Snake:2  | Found Yteuppuo's Antique Armour Shoppe.
 21652 | Snake:2  | Bought a pair of smoking gloves for 418 gold pieces
 21662 | Snake:2  | Identified the +2 pair of gloves of the Ecumenical Temple {rF++ rC++ MR+ Dex-4} (You bought it in a shop on level 2 of the Snake Pit)
 21662 | Snake:2  | Found Omiutiu's Distillery.
 22084 | Snake:2  | Found Zoschaun's Food Shop.
 23462 | Snake:3  | Got a pair of bloodstained gloves
 23473 | Snake:3  | Identified the -3 pair of gloves of the Endless Expanse {rC+ Regen+ Str-5 Dex+4} (You found it on level 3 of the Snake Pit)
 24021 | Snake:3  | Reached XP level 16. HP: 125/139 MP: 23/23
 24611 | Snake:4  | Entered Level 4 of the Snake Pit
 24711 | Snake:4  | Cast into level 2 of the Abyss (naga warrior)
 24765 | Abyss:2  | Noticed a tentacled starspawn
 24772 | Abyss:2  | Killed a tentacled starspawn
 24962 | Abyss:2  | Noticed a tentacled starspawn
 24999 | Abyss:2  | Killed a tentacled starspawn
 25261 | Abyss:2  | Gained mutation: Your body sometimes deteriorates upon taking damage. [a neqoxec]
 25273 | Abyss:2  | Reached skill level 15 in Shields
 25275 | Abyss:2  | Noticed a hellephant
 25291 | Abyss:2  | Killed a hellephant
 25316 | Abyss:2  | Noticed a bone dragon
 25327 | Abyss:2  | Killed a bone dragon
 25376 | Snake:4  | Escaped the Abyss
 25770 | Snake:4  | Noticed a nagaraja
 25781 | Snake:4  | Killed a nagaraja
 25886 | Snake:4  | Noticed Asterion
 25898 | Snake:4  | Killed Asterion
 26300 | Snake:4  | Reached skill level 15 in Fighting
 26459 | Snake:4  | Reached XP level 17. HP: 139/156 MP: 24/24
 26735 | Snake:4  | Reached skill level 15 in Armour
 26922 | Snake:4  | Identified Atsurph's Grimoire of Combat Magic and Lightness
 26932 | Snake:4  | Noticed Vashnia
 26947 | Snake:4  | Killed Vashnia
 27211 | Snake:4  | Reached skill level 11 in Invocations
 27970 | Snake:4  | Reached skill level 12 in Invocations
 28164 | Snake:4  | Reached XP level 18. HP: 64/170 MP: 27/27
 28937 | Snake:4  | Reached skill level 13 in Invocations
 29085 | Snake:4  | Got a serpentine rune of Zot
 29687 | Orc:1    | Entered Level 1 of the Orcish Mines
 29737 | Orc:1    | Noticed mopl's ghost (journeyman TrHu)
 29749 | Orc:1    | Killed mopl's ghost
 29868 | Orc:2    | Entered Level 2 of the Orcish Mines
 29897 | Orc:2    | Found a burning altar of Makhleb.
 30143 | Orc:2    | Found a staircase to the Elven Halls.
 30894 | Orc:2    | Found Kawnilel's Antique Armour Shop.
 30894 | Orc:2    | Found Coacuel's Food Shop.
 30895 | Orc:2    | Found Ciot's Magic Scroll Boutique.
 30898 | Orc:2    | Found Mesemeiw's Food Boutique.
 30987 | Orc:2    | Found a roughly hewn altar of Beogh.
 31197 | Elf:1    | Entered Level 1 of the Elven Halls
 31697 | Elf:1    | Reached skill level 14 in Invocations
 31834 | Elf:1    | Found Nyruqip's Weapon Emporium.
 31895 | Elf:1    | Noticed Frances
 31907 | Elf:1    | Killed Frances
 32790 | Elf:2    | Reached skill level 1 in Stealth
 32802 | Elf:2    | Reached XP level 19. HP: 179/181 MP: 29/29
 33304 | Elf:2    | Found a huge runed gate.
 33304 | Elf:2    | Found a huge runed gate.
 33304 | Elf:2    | Found a huge runed gate.
 33304 | Elf:2    | Found a huge runed gate.
 33304 | Elf:2    | Found a huge runed gate.
 33349 | Elf:2    | Reached skill level 5 in Stealth
 33739 | Elf:3    | Entered Level 3 of the Elven Halls
 34477 | Elf:3    | Reached skill level 10 in Stealth
 34502 | Elf:3    | Reached XP level 20. HP: 60/189 MP: 10/31
 34502 | Elf:3    | Reached skill level 15 in Invocations
 35060 | Elf:3    | Got a transparent glass ring
 35092 | Elf:3    | Got a steaming bone ring
 35288 | Elf:3    | Got a glittering silver ring
 35293 | Elf:3    | Identified the ring of the Okapi {MR+ AC+3} (You took it off a deep elf blademaster on level 3 of the Elven Halls)
 35296 | Elf:3    | Identified the ring of Polytheism {rF+ rN+ Int+4} (You took it off a deep elf blademaster on level 3 of the Elven Halls)
 35301 | Elf:3    | Identified the ring "Amaguulecw" {*Slow rElec Slay+3 SInv Stlth-} (You found it on level 3 of the Elven Halls)
 35346 | Elf:3    | Got a faintly glowing lead amulet
 35354 | Elf:3    | Identified the amulet "Uwymuipa" {Inacc rElec rC+ SInv} (You found it on level 3 of the Elven Halls)
 35594 | Elf:3    | Lost mutation: Your body sometimes deteriorates upon taking damage. [potion of mutation]
 35594 | Elf:3    | Gained mutation: Your mind is acute. (Int +2) [potion of mutation]
 35594 | Elf:3    | Gained mutation: You are somewhat resistant to further mutation. [potion of mutation]
 35961 | Shoals:1 | Entered Level 1 of the Shoals
 36041 | Shoals:1 | Noticed Roxanne
 36060 | Shoals:1 | Killed Roxanne
 36072 | Shoals:1 | Identified Roxanne's Disquisition on Changing (You took it off Roxanne on level 1 of the Shoals)
 36726 | Shoals:1 | Found a runed door.
 37125 | Shoals:2 | Reached skill level 16 in Invocations
 38158 | Shoals:2 | Reached skill level 1 in Dodging
 38735 | Shoals:3 | Reached skill level 5 in Dodging
 39077 | Shoals:3 | Noticed Donald
 39090 | Shoals:3 | Killed Donald
 39287 | Shoals:3 | Noticed Louise
 39302 | Shoals:3 | Killed Louise
 39396 | Shoals:3 | Reached XP level 21. HP: 169/200 MP: 29/33
 39561 | Shoals:3 | Found Cemen's Jewellery Shop.
 39792 | Shoals:4 | Entered Level 4 of the Shoals
 39889 | Shoals:4 | Got an ichor-stained broad axe
 39890 | Shoals:4 | Identified the +10 broad axe "anfisbena's Regret" {elec, rC+ Stlth+} (You acquired it on level 4 of the Shoals)
 39908 | Shoals:4 | Reached skill level 10 in Dodging
 39955 | Shoals:4 | Noticed Ilsuiw
 39982 | Shoals:4 | Killed Ilsuiw
 40703 | Shoals:4 | Got a barnacled rune of Zot
 41774 | D:12     | Noticed Erolcha
 41777 | D:12     | Killed Erolcha
 42206 | D:13     | Found a gate to the Vaults.
 42377 | D:13     | Found a shimmering altar of Xom.
 43133 | D:14     | Noticed Josephine
 43144 | D:14     | Killed Josephine
 43686 | D:15     | Entered Level 15 of the Dungeon
 43735 | D:15     | Got a scorched broad axe
 43736 | D:15     | Identified the +0 broad axe "Rayp" {protect, rN+ Str+3 Int+4} (You acquired it on level 15 of the Dungeon)
 43779 | D:15     | Reached skill level 17 in Invocations
 43791 | D:15     | Found a staircase to the Depths.
 44543 | Vaults:1 | Entered Level 1 of the Vaults
 45011 | Vaults:1 | Reached XP level 22. HP: 211/211 MP: 34/34
 45819 | Vaults:2 | Noticed Jorgrun
 45832 | Vaults:2 | Killed Jorgrun
 45832 | Vaults:2 | Reached skill level 18 in Invocations
 46947 | Vaults:3 | Reached skill level 19 in Invocations
 47097 | Vaults:3 | Found a staircase to the Crypt.
 47988 | Vaults:3 | Reached skill level 20 in Invocations
 48323 | Vaults:4 | Noticed Sojobo
 48323 | Vaults:4 | Reached XP level 23. HP: 220/220 MP: 37/37
 48332 | Vaults:4 | Killed Sojobo
 49359 | Vaults:4 | Reached skill level 21 in Invocations
 49538 | Vaults:4 | Noticed Mennas
 49564 | Vaults:4 | Killed Mennas
 49967 | Vaults:5 | Entered Level 5 of the Vaults
 50021 | Vaults:4 | Reached skill level 22 in Invocations
 50370 | Vaults:5 | Reached XP level 24. HP: 97/233 MP: 16/38
 51224 | Vaults:5 | Reached skill level 23 in Invocations
 51520 | Vaults:5 | Noticed a caustic shrike
 51520 | Vaults:5 | a golden dragon changed into a caustic shrike
 51522 | Vaults:5 | Killed a caustic shrike
 51639 | Vaults:5 | Got a translucent granite ring
 51922 | Vaults:5 | Reached skill level 24 in Invocations
 52201 | Vaults:5 | Identified the ring "Ketot" {Wiz rC+ rN+++ MR- Dex+2} (You took it off an ironbrand convoker on level 5 of the Vaults)
 52553 | Vaults:5 | Got a silver rune of Zot
 53171 | Slime:1  | Entered Level 1 of the Pits of Slime
 53198 | Slime:1  | Reached XP level 25. HP: 228/245 MP: 38/39
 53512 | Slime:1  | Reached skill level 25 in Invocations
 55386 | Slime:4  | HP: 8/245 [azure jelly (5)]
 55388 | Slime:4  | Splashed with acid

Skill      XL: |  1  2  3  4  5  6  7  8  9 10 11 12 13 14 15 16 17 18 19 20 21 22 23 24 25 |
---------------+----------------------------------------------------------------------------+-----
Axes           | 3 4 5 6 7 8 10 12 14 15 17 18 | 18.0
Fighting       | 4 5 6 8 10 11 12 15 17 18 19 20 21 22 24 | 24.0
Invocations    | 5 8 9 10 12 14 16 17 20 22 24 25 | 25.8
Evocations     | 3 8 10 | 10.0
Armour         | 4 8 11 14 16 17 18 19 20 | 20.0
Shields        | 4 8 11 14 15 | 15.0
Stealth        | 2 10 | 10.2
Dodging        | 9 12 | 12.0

Action                   |  1- 3 |  4- 6 |  7- 9 | 10-12 | 13-15 | 16-18 | 19-21 | 22-24 | 25-27 || total
-------------------------+-------+-------+-------+-------+-------+-------+-------+-------+-------++-------
Melee: War axe           |   118 |   194 |    83 |    74 |       |       |       |       |       ||   469
       Hand axe          |       |       |   383 |       |       |       |       |       |       ||   383
       Broad axe         |       |       |       |   405 |   825 |  1043 |  1215 |   928 |   166 ||  4582
Invok: Grand Finale      |       |       |       |     1 |       |       |       |       |       ||     1
 Abil: Evoke Flight      |       |       |       |       |     3 |       |     4 |       |       ||     7
       Evoke Invisibilit |       |       |       |       |       |       |     1 |       |       ||     1
  Use: Potion            |       |       |     2 |     1 |     1 |     5 |     7 |       |     1 ||    17
       Scroll            |       |       |       |    13 |    11 |     3 |    14 |     4 |       ||    45
 Stab: Paralysed         |       |       |    18 |    46 |   118 |   142 |   151 |   169 |    44 ||   688
       Invisible         |       |       |       |       |       |       |     1 |       |       ||     1
       Held in net/web   |       |       |       |       |       |       |     2 |       |       ||     2
       Distracted        |       |       |       |       |       |       |       |     2 |       ||     2
  Eat: Chunk             |     1 |     9 |    11 |    17 |    25 |    14 |    35 |    24 |       ||   136
       Royal jelly       |       |       |     2 |     2 |       |       |       |       |       ||     4
       Meat ration       |       |       |       |     1 |     1 |     3 |     1 |     1 |     1 ||     8
       Fruit             |       |       |       |     3 |     3 |       |     1 |       |       ||     7
Armor: Scale mail        |    72 |   117 |   136 |    46 |       |       |       |       |       ||   371
       Plate armour      |       |       |   152 |       |       |       |       |       |       ||   152
       Gold dragon scale |       |       |       |   212 |   471 |   435 |   515 |   339 |    84 ||  2056
Dodge: Dodged            |    41 |    99 |   163 |    78 |    50 |    81 |   202 |   228 |    58 ||  1000
Block: Shield            |    70 |    40 |       |     6 |   516 |   670 |   770 |   583 |    80 ||  2735
       Buckler           |       |    32 |    93 |   160 |       |       |       |       |       ||   285
       Reflection        |       |       |       |     2 |    29 |    86 |   120 |    47 |     2 ||   286
